AoeStats
← Cheonma

Fortress

508472206Analyzed
4v4 RM · 10d ago on Sep 22, 2026· 43m 48s· 8 players
Game mode
Random Map
Map size
Huge
Population
200
Speed
Normal
Resources
Standard
Victory
Conquest
Starting age
Dark Age
Ending age
Imperial Age
RankedLock teamsTeams togetherTeam positionsShared explorationLock speedFull tech treeHidden civsTurbo modeCheats
Victory
Defeat
🇦🇷 Danes · Argentina
1317
+12
🇦🇷 Varangians · Argentina
1281
+13
🇦🇷 Cumans · Argentina
1270
+14
🇦🇷 Byzantines · Argentina
1261
+14
🇺🇸 Malians · United States
1293
-16
🇲🇽 Saxons · Mexico
1254
-15
🇺🇸 Varangians · United States
1200
-12
🇨🇴 Cumans · Colombia
1144
-10
Tops 7793
7:46 Feudal Age
7:50 Loom
11:57 Castle Age
10:15 Double-Bit Axe
10:19 Horse Collar
10:50 Gold Mining
13:18 Bow Saw
28:57 Heavy Plow
29:42 Bloodlines
31:26 Wheelbarrow
34:43 Imperial Age
33:17 Husbandry
33:45 Forging
33:41 Scale Barding Armor
35:53 Conscription
36:34 Crop Rotation
37:10 Two-Man Saw
36:45 Cavalier
36:49 Vendel Legacy
38:47 Light Cavalry
40:36 Iron Casting
40:22 Chain Barding Armor
41:27 Squires
41:59 Scale Mail Armor
Alarich1000
8:23 Feudal Age
12:02 Castle Age
10:27 Double-Bit Axe
10:37 Horse Collar
12:56 Bow Saw
12:50 Heavy Plow
18:27 Loom
25:51 Imperial Age
24:01 Wheelbarrow
24:07 Gold Mining
24:07 Stone Mining
26:11 Hand Cart
26:46 Forging
26:41 Scale Barding Armor
27:03 Conscription
26:44 Town Watch
27:07 Husbandry
27:18 Bloodlines
28:10 Farimba
29:00 Gold Shaft Mining
29:00 Stone Shaft Mining
28:43 Heavy Camel Rider
30:30 Scale Barding Armor
30:10 Elite Skirmisher
30:57 Thumb Ring
32:27 Town Patrol
33:36 Chemistry
32:56 Ballistics
32:00 Crossbowman
33:07 Chain Barding Armor
33:22 Iron Casting
32:38 Fletching
33:32 Crop Rotation
33:30 Masonry
35:17 Plate Barding Armor
35:15 Fortified Wall
35:14 Man-at-Arms
35:14 Pikeman
35:55 Squires
35:49 Arson
37:43 Bodkin Arrow
37:49 Padded Archer Armor
38:32 Light Cavalry
39:55 Leather Archer Armor
40:09 Caravan
41:08 Ring Archer Armor
40:03 Long Swordsman
40:10 Cavalier
ACI Granmini
6:21 Feudal Age
6:57 Double-Bit Axe
13:25 Castle Age
12:55 Horse Collar
13:53 Scale Mail Armor
16:42 Forging
17:26 Loom
22:57 Squires
25:09 Iron Casting
38:20 Wheelbarrow
39:49 Chain Mail Armor
ACI Ummagumma
7:30 Feudal Age
9:52 Double-Bit Axe
16:36 Gold Mining
18:54 Castle Age
17:38 Scale Barding Armor
17:45 Bloodlines
18:29 Wheelbarrow
18:34 Forging
20:27 Chain Barding Armor
20:55 Iron Casting
21:35 Hand Cart
24:43 Gold Shaft Mining
26:18 Fletching
26:28 Padded Archer Armor
26:52 Ballistics
27:42 Bodkin Arrow
33:43 Imperial Age
33:34 Bow Saw
33:41 Stone Mining
33:15 Pikeman
33:55 Squires
33:58 Scale Mail Armor
33:53 Halberdier
35:40 Chemistry
35:44 Blast Furnace
36:02 Conscription
36:02 Chain Mail Armor
41:20 Plate Mail Armor
42:31 Leather Archer Armor
RDA Infernus
7:25 Feudal Age
6:49 Loom
11:57 Castle Age
9:56 Double-Bit Axe
10:31 Horse Collar
11:23 Scale Barding Armor
12:49 Bloodlines
18:07 Husbandry
19:37 Bow Saw
22:39 Chain Barding Armor
25:31 Forging
28:14 Wheelbarrow
28:16 Gold Mining
28:37 Heavy Plow
29:45 Hand Cart
33:49 Imperial Age
31:32 Stone Mining
32:32 Vendel Legacy
33:56 Iron Casting
33:33 Fletching
34:08 Cavalier
35:49 Conscription
36:16 Plate Barding Armor
36:42 Blast Furnace
37:01 Scale Mail Armor
38:49 Elite Varangian Guard
39:18 Gambesons
39:33 Squires
39:19 Arson
41:10 Gothikon
43:03 Chain Mail Armor
44:07 Caravan
Cheonma
7:34 Feudal Age
10:06 Double-Bit Axe
13:46 Castle Age
12:18 Gold Mining
15:11 Wheelbarrow
14:32 Fletching
14:42 Padded Archer Armor
14:54 Horse Collar
15:20 Loom
19:13 Bodkin Arrow
23:45 Bloodlines
24:59 Ballistics
25:31 Leather Archer Armor
30:44 Imperial Age
28:46 Forging
30:44 Hand Cart
30:15 Town Watch
31:09 Iron Casting
30:40 Scale Barding Armor
30:57 Heavy Plow
31:10 Bow Saw
31:39 Gold Shaft Mining
32:14 Conscription
32:28 Ring Archer Armor
33:00 Blast Furnace
34:10 Chemistry
34:40 Elite Kipchak
36:44 Crop Rotation
38:29 Two-Man Saw
39:18 Stone Mining
39:53 Cavalier
41:02 Paladin
43:51 Chain Barding Armor
Rocker_
6:49 Feudal Age
6:14 Loom
11:18 Castle Age
9:27 Double-Bit Axe
13:25 Bow Saw
15:47 Arson
17:01 Scale Mail Armor
20:41 Forging
22:18 Chain Mail Armor
23:45 Iron Casting
27:13 Wheelbarrow
34:06 Imperial Age
34:10 Elite Jomsviking
35:16 Conscription
35:59 Hand Cart
36:42 Plate Mail Armor
36:50 Squires
36:35 Gambesons
39:35 Blast Furnace
[Ne0] Vladimir Putin
7:07 Feudal Age
7:37 Horse Collar
7:43 Double-Bit Axe
10:12 Loom
13:25 Castle Age
14:30 Bow Saw
15:50 Stone Mining
18:59 Gold Mining
20:26 Scale Barding Armor
22:38 Forging
23:14 Wheelbarrow
24:45 Heavy Plow
26:42 Husbandry
29:59 Imperial Age
28:36 Chain Barding Armor
28:51 Iron Casting
29:47 Stone Shaft Mining
29:48 Gold Shaft Mining
29:28 Fletching
30:15 Hand Cart
30:22 Elite Cataphract
31:45 Conscription
32:32 Plate Barding Armor
32:39 Bodkin Arrow
33:58 Chemistry
33:22 Ballistics
35:05 Logistica
37:10 Bracer
38:54 Murder Holes
39:11 Fortified Wall
Connection lost

Rejoining the realm…

Still unreachable

The connection could not be restored.

Session expired

The server has moved on; the page needs a fresh start.